 Dungeon Sprint DCSS version 0.23.2-1-ga50397a (webtiles) character file.

Game seed: 14153418515872786913

1668 xveg the Grappler (level 8, -3/86 HPs)
             Began as a Minotaur Berserker on May 15, 2019.
             Was a Priest of Trog.
             Slain by a hornet (6 damage)
             ... in the Dungeon (Sprint I: "Red Sonja").
             The game lasted 00:03:36 (398 turns).

xveg the Grappler (Minotaur Berserker)               Turns: 398, Time: 00:03:36

Health: -3/86      AC:  8    Str: 24    XL:     8   Next: 69%
Magic:  7/7        EV: 13    Int:  4    God:    Trog [***...]
Gold:   210        SH:  0    Dex: 10    Spells: 7/7 levels left

rFire    + . .     SeeInvis .     - Unarmed
rCold    + . .     Gourm    .   (no shield)
rNeg     . . .     Faith    .   j - +0 scale mail
rPois    +         Spirit   .   (helmet restricted)
rElec    +         Reflect  .   (no cloak)
rCorr    +         Harm     .   (no gloves)
MR       .....     NoTele   +   (no boots)
Stlth    ..........             (no amulet)
HPRegen  0.24/turn              (no ring)
MPRegen  0.10/turn              (no ring)

@: lethally poisoned (-3 -> -17), resistant, berserk cooldown, very slightly
contaminated, hasted and slowed
A: retaliatory headbutt, horns 2
a: Berserk, Trog's Hand, Renounce Religion


You were in the Dungeon.
You worshipped Trog.
Trog was most pleased with you.
You were not hungry.

You visited 1 branch You collected 306 gold pieces.
You spent 96 gold pieces at shops.

Inventory:

Hand Weapons
 d - a +0 blowgun
Missiles
 c - 7 curare-tipped needles
Armour
 a - a +0 animal skin
 j - a +0 scale mail (worn)
Wands
 i - a wand of random effects (12)
Scrolls
 l - a scroll of amnesia
 n - a scroll of fear
Potions
 f - 2 potions of magic
 g - a potion of berserk rage
Comestibles
 b - a ration


   Skills:
 + Level 13.0 Fighting
 + Level 9.7 Armour
 + Level 7.0 Dodging
 + Level 1.6 Stealth
 + Level 13.7 Unarmed Combat
 + Level 0.3 Evocations


You had 7 spell levels left.
You didn't know any spells.
Your spell library was empty.

Dungeon Overview and Level Annotations

Branches:
Dungeon (1/1)

Altars:
Cheibriados
Dithmenos
Elyvilon
Fedhas
Gozag
Hepliaklqana
Kikubaaqudgha
Nemelex Xobeh
Okawaru
Qazlal
Ru
Sif Muna
Trog
Uskayaw
Vehumet
Wu Jian
Yredelemnul
Zin
The Shining One

Shops:
D *


Innate Abilities, Weirdness & Mutations

You reflexively headbutt those who attack you in melee.
You have a pair of horns on your head.


Message History

* * * LOW HITPOINT WARNING * * *
The hornet stings you but does no damage.
You closely miss the hornet. The hornet stings you.
* * * LOW HITPOINT WARNING * * *
You feel as though you will be slow longer.
You barely miss the hornet. Your headbutt misses the hornet.
The hornet stings you!
* * * LOW HITPOINT WARNING * * *
You are poisoned.
You feel as though you will be slow longer.
You hit the hornet but do no damage. Your headbutt misses the hornet.
Your punch misses the hornet.
You feel sick. The hornet stings you.
* * * LOW HITPOINT WARNING * * *
You are more poisoned.
You feel as though you will be slow longer.
It was a potion of resistance.
You feel protected.
* * * LOW HITPOINT WARNING * * *
You feel sick. The hornet stings you.
You die...

################
#<.#.÷').#..'..#
#..'..#..').#..+
#..#####'#####'# ###
#..####..#...#.####(§#
#..#__####..##.#)§§§§#$.#
#..#_____##'#_@yc§≈§.cy.
#⌠⌠#_.∩...†...§#§§≈.§#§.#
####_..__##_.#+##+####
#_____###'# ####### #.#
$.$ $§$ ##.## #+#


You could see a centaur warrior and a hornet.

Vanquished Creatures
  A centaur warrior (D)
  Sonja (D)
  Sigmund (D)
  A yak (D)
  An ogre (D)
  A jelly (D)
  Ijyb (D)
7 creatures vanquished.

Notes
Turn   | Place    | Note
-------+----------+-------------------------------------------
     0 | D        | xveg the Minotaur Berserker began the quest for the Orb.
     0 | D        | Reached XP level 1. HP: 19/19 MP: 0/0
     1 | D        | Noticed Ijyb
    28 | D        | Killed Ijyb
    28 | D        | Reached skill level 5 in Fighting
    28 | D        | Reached skill level 5 in Unarmed Combat
    28 | D        | Reached XP level 2. HP: 16/29 MP: 1/1
   270 | D        | Noticed an ogre
   273 | D        | Killed an ogre
   273 | D        | Reached XP level 3. HP: 39/39 MP: 2/2
   273 | D        | Reached XP level 4. HP: 47/47 MP: 3/3
   288 | D        | Noticed Sigmund
   293 | D        | Killed Sigmund
   293 | D        | Reached ** piety under Trog
   293 | D        | Reached XP level 5. HP: 57/57 MP: 4/4
   305 | D        | Found an ornate altar of the Wu Jian Council.
   305 | D        | Found a deep blue altar of Sif Muna.
   310 | D        | Found a radiant altar of Vehumet.
   312 | D        | Reached XP level 6. HP: 65/66 MP: 5/5
   322 | D        | Found Jeqoron's Assorted Antiques.
   322 | D        | Found an ancient bone altar of Kikubaaqudgha.
   322 | D        | Found a hazy altar of Hepliaklqana.
   322 | D        | Found a stormy altar of Qazlal.
   322 | D        | Found a hide-covered altar of Uskayaw.
   322 | D        | Found a blossoming altar of Fedhas.
   322 | D        | Found a bloodstained altar of Trog.
   322 | D        | Found an iron altar of Okawaru.
   322 | D        | Found a basalt altar of Yredelemnul.
   322 | D        | Found a glowing golden altar of the Shining One.
   322 | D        | Found a snail-covered altar of Cheibriados.
   322 | D        | Found a sacrificial altar of Ru.
   322 | D        | Found a glowing silver altar of Zin.
   322 | D        | Found a shadowy altar of Dithmenos.
   322 | D        | Found a white marble altar of Elyvilon.
   322 | D        | Noticed a yak
   326 | D        | Killed a yak
   326 | D        | Reached skill level 10 in Fighting
   326 | D        | Reached skill level 5 in Dodging
   326 | D        | Reached skill level 10 in Unarmed Combat
   327 | D        | Found an opulent altar of Gozag.
   328 | D        | Found a sparkling altar of Nemelex Xobeh.
   334 | D        | Bought a scroll labeled UCOYRA QIETE for 24 gold pieces
   334 | D        | Bought a scroll labeled KICUAN TUKHLIT for 24 gold pieces
   334 | D        | Bought a scroll labeled SOBOYLITRE for 24 gold pieces
   334 | D        | Bought a scroll labeled UCOYRA QIETE for 24 gold pieces
   359 | D        | Noticed Sonja
   371 | D        | Killed Sonja
   371 | D        | Reached *** piety under Trog
   371 | D        | Reached skill level 1 in Stealth
   371 | D        | Reached XP level 7. HP: 47/77 MP: 6/6
   371 | D        | Reached XP level 8. HP: 51/83 MP: 7/7
   380 | D        | Noticed a centaur warrior
   380 | D        | Noticed a hornet
   380 | D        | Noticed a centaur warrior
   389 | D        | Killed a centaur warrior
   398 | D        | HP: 3/86 [poisoned by a hornet]
   398 | D        | Slain by a hornet

Skill      XL: |  1  2  3  4  5  6  7  8 |
---------------+-------------------------+-----
Fighting       | 5 7 9 12 13 | 13.0
Armour         | 3 4 6 8 9 |  9.7
Dodging        | 3 4 6 7 |  7.0
Unarmed Combat | 5 7 9 12 13 | 13.7
Stealth        | 1 |  1.6
Evocations     | |  0.3

Action                   |  1- 3 |  4- 6 |  7- 9 || total
-------------------------+-------+-------+-------++-------
Melee: Unarmed           |    27 |    13 |     9 ||    49
       Headbutt          |     3 |     3 |     1 ||     7
Invok: Berserk           |       |       |     1 ||     1
Evoke: Wand              |       |     1 |     1 ||     2
  Use: Scroll            |       |     3 |       ||     3
       Potion            |       |     2 |     2 ||     4
Armor: Animal skin       |     1 |       |       ||     1
       Scale mail        |       |     4 |     5 ||     9
Dodge: Dodged            |    20 |     6 |     5 ||    31
